 Dungeon Crawl Stone Soup version 0.22.1-6-g1668fe2c40 (webtiles) character file.

221 NochnoyZador the Sneak (level 5, -4/24 HPs)
             Began as a Vine Stalker Enchanter on Jan 23, 2019.
             Slain by an orc priest
             ... wielding a +0 hand axe
              (5 damage)
             ... on level 3 of the Dungeon.
             The game lasted 00:17:42 (3024 turns).

NochnoyZador the Sneak (Vine Stalker Enchanter)     Turns: 3024, Time: 00:17:43

Health: -4/24      AC:  5    Str: 11    XL:     5   Next: 98%
Magic:  0/9        EV: 12    Int: 16    God:
Gold:   113        SH:  0    Dex: 14    Spells: 2/8 levels left

rFire    . . .     SeeInvis .   a - +1 dagger
rCold    . . .     Gourm    .   (no shield)
rNeg     . . .     Faith    .   w - +0 robe {Archmagi}
rPois    .         Spirit   +   u - +0 helmet
rElec    .         Reflect  .   n - +0 cloak
rCorr    .         Harm     .   (no gloves)
MR       .....                  o - +0 pair of boots
Stlth    +++.......             (no amulet)
HPRegen  0.48/turn              (no ring)
MPRegen  0.11/turn              (no ring)

@: no status effects
A: fangs 2, regeneration 1, magic shield, antimagic bite, no potion heal 3, rot
immunity
a: no special abilities


You were on level 3 of the Dungeon.
You were hungry.

You visited 1 branch of the dungeon, and saw 3 of its levels.

You collected 113 gold pieces.

Inventory:

Hand Weapons
 a - a +1 dagger (weapon)
Missiles
 c - 112 stones (quivered)
 q - 30 sling bullets
Armour
 n - a +0 cloak (worn)
 o - a +0 pair of boots (worn)
 u - a +0 helmet (worn)
 w - a +0 robe of the Archmagi (worn)
Jewellery
 r - an uncursed ring of ice
Scrolls
 e - 3 scrolls of remove curse
 l - a scroll of identify
 p - a scroll of teleportation {unknown}
 v - a scroll of immolation {unknown}
Potions
 f - 2 potions of flight {unknown}
 h - 3 potions of curing
 i - a potion of agility {unknown}
 j - a potion of haste {unknown}
 k - a potion of heal wounds {unknown}
 m - 2 potions of degeneration {unknown}
 s - a potion of might {unknown}
 t - 2 potions of lignification {unknown}
Comestibles
 d - 2 rations
 g - 8 chunks of flesh


   Skills:
 * Level 3.6 Short Blades
 - Level 1.5 Dodging
 * Level 6.4 Stealth
 - Level 2.1 Spellcasting
 - Level 3.0 Hexes


You had 2 spell levels left.
You knew the following spells:

 Your Spells              Type           Power        Failure   Level  Hunger
a - Corona                Hex            ###....      6%          1    #......
b - Ensorcelled Hibernat  Hex/Ice        #.....       17%         2    ###....
c - Confuse               Hex            ###.....     19%         3    ###....

Your spell library contained the following spells:

 Spells                   Type           Power        Failure   Level  Hunger
 Tukima's Dance           Hex            ###.....     19%         3    ###....
 Dazzling Spray           Conj/Hex       #.....       32%         3    ###....


Dungeon Overview and Level Annotations

Branches:
Dungeon (3/15)

Altars:


Innate Abilities, Weirdness & Mutations

You have extremely sharp teeth.
Your natural rate of healing is unusually fast.
When hurt, damage is shared between your health and your magic reserves.
Your bite disrupts and absorbs the magic of your enemies.
Potions cannot restore your health.
You are immune to rotting.


Message History

Your bite misses the orc priest.
The orc priest is severely wounded.
The orc priest calls down the wrath of Beogh upon you.
Beogh smites you!
* * * LOW HITPOINT WARNING * * *
You hit the orc priest but do no damage.
You bite the orc priest, but do no damage.
The orc priest is heavily wounded.
The orc priest barely misses you.
You are feeling hungry.
You hit the orc priest.
The orc priest is severely wounded.
You hit the orc priest but do no damage.
The orc priest is severely wounded.
The orc priest hits you with a hand axe.
* * * LOW HITPOINT WARNING * * *
You hit the orc priest but do no damage.
The orc priest is severely wounded.
The orc priest hits you with a hand axe.
You die...

........#.###.####.#.
.#......#...#.# .#.
#.########÷#.####'#.o .
........)...÷)....... ..
##.######...##.......... #...#
......... ###...# .......
#.....######'## #.##.))..o@..#
#. #.###################### .
#.##....................
#######.##.##############..##.
............................<.
#######.##.#.######.#####..#..
(.......##.#......#.# #..#.#
##########.#......#.# #..#.#
#.#........# ###..#.#


You could see an orc priest.

Vanquished Creatures
  An orc priest (D:3)
  2 orc wizards (D:3)
  Robin (D:2)
  3 gnolls (D:2)
  An adder (D:2)
  A worm (D:3)
  3 leopard geckos
  3 orcs (D:3)
  5 giant cockroaches
  17 goblins
  10 hobgoblins
  10 jackals
  3 kobolds
  5 bats
  3 frilled lizards
  2 rats
70 creatures vanquished.

Vanquished Creatures (others)
  A goblin (D:2)
1 creature vanquished.

Grand Total: 71 creatures vanquished

Notes
Turn   | Place    | Note
-------+----------+-------------------------------------------
     0 | D:1      | NochnoyZador the Vine Stalker Enchanter began the quest for
                  | the Orb.
     0 | D:1      | Reached XP level 1. HP: 9/9 MP: 4/4
    21 | D:1      | Reached skill level 1 in Short Blades
   260 | D:1      | Reached skill level 4 in Stealth
   260 | D:1      | Reached XP level 2. HP: 11/13 MP: 3/6
   285 | D:1      | Learned a level 2 spell: Ensorcelled Hibernation
   981 | D:1      | Reached XP level 3. HP: 16/16 MP: 2/7
   986 | D:1      | Learned a level 3 spell: Confuse
  1309 | D:2      | Reached skill level 5 in Stealth
  1562 | D:2      | Gained mutation: Your natural rate of healing is unusually
                  | fast. [Vine Stalker growth]
  1562 | D:2      | Reached XP level 4. HP: 21/21 MP: 8/8
  1913 | D:2      | Noticed Robin
  1929 | D:2      | HP: 1/21 [goblin[Robin] (2)]
  2341 | D:2      | Killed Robin
  2616 | D:3      | Reached XP level 5. HP: 24/24 MP: 6/9
  2868 | D:3      | Reached skill level 6 in Stealth
  3023 | D:3      | HP: 1/24 [orc priest/hand axe (2)]
  3024 | D:3      | Slain by an orc priest

Skill      XL: |  1  2  3  4  5 |
---------------+----------------+-----
Short Blades   | 1 2 3 |  3.6
Stealth        | 4 5 6 |  6.4
Dodging        | |  1.5
Spellcasting   | |  2.1
Hexes          | |  3.0

Action                   |  1- 3 |  4- 6 || total
-------------------------+-------+-------++-------
Melee: Dagger            |    80 |   173 ||   253
       Bite              |    14 |    54 ||    68
 Cast: Corona            |     1 |       ||     1
       Ensorcelled Hiber |    14 |    26 ||    40
       Confuse           |       |     3 ||     3
  Use: Scroll            |       |     2 ||     2
 Stab: Sleeping          |    11 |    19 ||    30
  Eat: Chunk             |     3 |     7 ||    10
Armor: Robe              |    13 |    56 ||    69
Dodge: Dodged            |    41 |    99 ||   140
